 Dungeon Crawl Stone Soup version 0.31-a0-202-g547052bce9 (webtiles) character file.

Game seed: 7520756937359243192

266 Warped the Sneak (level 6, 0/25 HPs)
             Began as a Felid Fire Elementalist on June 27, 2023.
             Killed by an exploding killer bee (25 damage)
             ... ignited by their inner flame
             ... on level 4 of the Dungeon.
             The game lasted 00:11:28 (4543 turns).

Warped the Sneak (Felid Fire Elementalist)          Turns: 4543, Time: 00:11:29

Health: 0/25       AC:  2    Str:  4    XL:     6   Next: 0%
Magic:  8/11       EV: 23    Int: 18    God:
Gold:   201        SH:  0    Dex: 17    Spells: 2/11 levels left
                                        Lives:  0   Deaths: 1

rFire   . .          .
                       - Unarmed
rCold   . . .        (shield unavailable)
rNeg    . . .        (body armour unavailable)
rPois   .            (helmet unavailable)
rElec   .            (cloak unavailable)
rCorr   .            (gloves unavailable)
SInv    +            (boots unavailable)
Will    .....        (no amulet)
Stlth   +++          g - +5 ring of evasion
HPRegen 0.24/turn    (no ring)
MPRegen 0.12/turn

%: no passive effects
@: quick
A: very small, claws 1, fangs 3, see invisible, speed 1, shaggy fur 2, stealthy
paws, no weapons or thrown items, no armour, multi-lived
a: no special abilities


You were on level 4 of the Dungeon.
You visited 1 branch of the dungeon, and saw 5 of its levels.

You collected 201 gold pieces.

Inventory:

Hand Weapons
 e - a +2 long sword of holy wrath
Jewellery
 g - a +5 ring of evasion (left paw)
 k - a ring of protection from fire
 n - an amulet of guardian spirit
Scrolls
 b - 2 scrolls of identify
 c - 2 scrolls of noise
 d - 3 scrolls of fog
Potions
 a - a potion of magic
 f - a potion of curing
 h - a potion of degeneration {unknown}
 i - 2 potions of lignification
 j - a potion of mutation {unknown}
 l - a potion of heal wounds {unknown}
 m - a potion of might {unknown}


   Skills:
 - Level 1.1 Fighting
 + Level 3.6 Dodging
 - Level 4.0 Stealth
 - Level 1.1 Unarmed Combat
 * Level 3.2 Spellcasting
 * Level 2.8 Conjurations
 + Level 2.1 Hexes
 + Level 1.5 Translocations
 * Level 3.6 Fire Magic


You had 2 spell levels left.
You knew the following spells:

 Your Spells              Type           Power      Damage    Failure   Level
a - Foxfire               Conj/Fire      56%        2x1d6     4%          1
b - Scorch                Fire           32%        2d6       5%          2
c - Inner Flame           Hex/Fire       13%        N/A       14%         3
d - Volatile Blastmotes   Fire/Tloc      24%        2d12      17%         3

Your spell library contained the following spells:

 Spells                   Type           Power      Damage    Failure   Level
 Slow                     Hex            40%        N/A       7%          1
 Confusing Touch          Hex            10%        N/A       21%         3
 Flame Wave               Conj/Fire      14%        2d6       38%         4
 Vampiric Draining        Necr           2%         2d6       43%         3
 Yara's Violent Unravell  Hex/Tmut       3%         3d4       96%         5
 Enfeeble                 Hex            5%         N/A       100%        7


Dungeon Overview and Level Annotations

Branches:
Dungeon (5/15)
 Temple: D:4-7

Altars:
Sif Muna
Trog


Innate Abilities, Weirdness & Mutations

You have sharp claws.
You have razor-sharp teeth.
You have supernaturally acute eyesight. (SInv)
You cover ground quickly. (Speed+)
You are covered in thick fur. (AC +2)
Your paws help you pounce on unaware monsters.
You are incapable of wielding weapons or throwing items.
You cannot wear armour.
You gain extra lives every three experience levels.


Message History

You climb downwards.
There is a stone staircase leading up here.
Done exploring.
There is a stone staircase leading down here.
You climb downwards.
The killer bee buzzes angrily. x5
Found an escape hatch in the floor.
There is a stone staircase leading up here.
Casting: Foxfire (safe; 4% risk of failure)
Confirm with . or Enter, or press ? or * to list all spells.
Okay, then.
Casting: Foxfire (safe; 4% risk of failure)
Confirm with . or Enter, or press ? or * to list all spells.
The spell is quite dangerous to miscast (14% risk of failure)!
Continue anyway?
Aiming: Inner Flame (quite dangerous; 14% risk of failure)
Press: ? - help, Dir - move target, f - killer bee
Aim: a killer bee (chance to affect: 73%)
The killer bee is filled with an inner flame.
The killer bee buzzes angrily.
A scorpion comes into view.
Casting: Inner Flame (quite dangerous; 14% risk of failure)
Confirm with . or Enter, or press ? or * to list all spells.
The spell is extremely dangerous to miscast (17% risk of failure)!
Continue anyway?
Okay, then.
The killer bee misses you. x2
You climb upwards.
There is a stone staircase leading down here.
Unknown command.
You miss the killer bee. The killer bee barely misses you.
The killer bee closely misses you.
You miss the killer bee.
The killer bee completely misses you. x2
You scratch the killer bee.
Flame seeps out of the killer bee.
The killer bee is lightly wounded.
The killer bee is engulfed in blazing flames.
Flame seeps out of the killer bee.
The killer bee completely misses you.
The killer bee is engulfed in blazing flames.
The killer bee explodes!
The fiery explosion engulfs you!!
Ouch! That really hurt!
You die...

##...## #.....# ##.....##
#.....# #.......# #.....# ###
######.......# #.....#
##.#####...##.......# ##.....#
#...##.....###.....####......#
...............§§§......##.#.#
...........##..§○§......#.##.#
...........#...§@§...#..##.#.#
.............#.....####.#.##.#
............###...## #.!....#
...............#.## ##.######
#.##..............## #..#
#.......##..#......###.##
#.[...........####......#
........###........#....######
..###..###...).[.............#


There were no monsters in sight!

Vanquished Creatures
  A phantom (D:4)
  A scorpion (D:3)
  A killer bee (D:4)
  A jelly (D:4)
  A hound (D:4)
  4 gnolls (D:4)
  4 adders
  A dart slug (D:2)
  A worm (D:4)
  10 orcs
  3 ball pythons (D:2)
  6 bats
  5 endoplasms
  3 giant cockroaches
  8 goblins
  A hobgoblin (D:2)
  15 kobolds
  2 quokkas
  6 frilled lizards
  5 rats
79 creatures vanquished.

Vanquished Creatures (collateral kills)
  2 foxfires (D:1)
2 creatures vanquished.

Vanquished Creatures (others)
  108 foxfires
108 creatures vanquished.

Grand Total: 189 creatures vanquished

Notes
Turn   | Place    | Note
-------+----------+-------------------------------------------
     0 | D:1      | Warped the Felid Fire Elementalist began the quest for the
                  | Orb.
     0 | D:1      | Reached XP level 1. HP: 7/7 MP: 4/4
   101 | D:1      | Reached skill level 1 in Conjurations
   367 | D:1      | Reached XP level 2. HP: 11/11 MP: 4/6
   650 | D:1      | Reached skill level 3 in Stealth
   985 | D:2      | Learned a level 2 spell: Scorch
  1129 | D:2      | Found a faded altar of an unknown god.
  1208 | D:2      | Reached XP level 3. HP: 13/15 MP: 1/7
  1602 | D:2      | Reached skill level 1 in Unarmed Combat
  1805 | D:2      | Learned a level 3 spell: Inner Flame
  1962 | D:2      | Found a bloodstained altar of Trog.
  2549 | D:3      | Reached XP level 4. HP: 18/18 MP: 5/8
  2910 | D:3      | Noticed a scorpion
  2968 | D:3      | Killed a scorpion
  2969 | D:3      | Reached skill level 1 in Fighting
  2969 | D:3      | Reached skill level 1 in Hexes
  2969 | D:3      | Reached XP level 5. HP: 22/22 MP: 0/10
  3296 | D:3      | Learned a level 3 spell: Volatile Blastmotes
  3618 | D:3      | Killed from afar by an orc wizard
  3619 | D:3      | Reached XP level 4. HP: -2/19 MP: 2/9
  3768 | D:4      | Noticed a phantom
  3783 | D:4      | Killed a phantom
  3784 | D:4      | Reached skill level 1 in Translocations
  3784 | D:4      | Reached XP level 5. HP: 16/22 MP: 0/10
  3982 | D:4      | Reached skill level 4 in Stealth
  4228 | D:4      | Found a shimmering blue altar of Sif Muna.
  4414 | D:4      | Gained mutation: You are covered in thick fur. (AC +2)
                  | [Felid growth]
  4414 | D:4      | Reached XP level 6. HP: 25/25 MP: 9/11
  4537 | D:5      | Entered Level 5 of the Dungeon
  4543 | D:4      | Killed by an exploding killer bee... ignited by their inner
                  | flame

Illustrated notes

Levels and vault maps discovered:
D:1:      psy_arrival_fountain, layout_basic, lexackson_kobold_supper
D:2:      layout_basic, basic_altar, chequers_ecumenical_altar_island,
          kennysheep_generic_room_3
D:3:      layout_basic
D:4:      layout_rooms, nicolae_sif_muna_condensation, kennysheep_minor_cross,
          dk_noncrumbling_4, minmay_misc_feat_tiny
D:5:      layout_gridville, chequers_serial_rivers_micro_e

Skill      XL: |  1  2  3  4  5 |
---------------+----------------+-----
Conjurations   | 1 2 |  2.8
Stealth        | 3 4 |  4.0
Unarmed Combat | 1 |  1.1
Dodging        | 3 |  3.6
Fire Magic     | 3 |  3.6
Fighting       | 1 |  1.1
Hexes          | 1 2 |  2.1
Spellcasting   | 3 |  3.2
Translocations | 1 |  1.5

Action                     |  1- 3 |  4- 6 || total
---------------------------+-------+-------++-------
  Melee: Unarmed           |    27 |    24 ||    51
         Bite              |     7 |     6 ||    13
         Punch             |       |     1 ||     1
   Cast: Foxfire           |    58 |    19 ||    77
         Scorch            |    21 |    33 ||    54
         Volatile Blastmot |       |     3 ||     3
         Inner Flame       |       |     2 ||     2
    Use: Potion            |     1 |     1 ||     2
         Scroll            |       |     6 ||     6
   Stab: Sleeping          |       |     1 ||     1
 Armour: Skin              |     2 |     2 ||     4
  Dodge: Dodged            |    52 |    48 ||   100

Table legend: (Time is in decaauts)
 A = Elapsed time spent in this place.
 B = Non-inter-level travel time spent in this place.
 C = Inter-level travel time spent in this place.
 D = Time resting spent in this place.
 E = Time spent auto-exploring this place.
 F = Levels seen in this place.
 G = Mean time per level.
                   A        B        C        D        E       F      G
               +--------+--------+--------+--------+--------+-----+--------+
         Total |   3997 |   3857 |    140 |     63 |   3080 |   5 |  799.4 |
       Dungeon |   3997 |   3857 |    140 |     63 |   3080 |   5 |  799.4 |
               +--------+--------+--------+--------+--------+-----+--------+

Top non-repeatable levels by time:
     D:2: 1201 daAuts
     D:3: 1170 daAuts
     D:4: 831 daAuts
     D:1: 790 daAuts
     D:5: 2 daAuts
